 Dungeon Crawl Stone Soup version 0.23.2-40-g277498a001 (webtiles) character file.

Game seed: 4158923802714305971

62 DungeonDestroyer the Skirmisher (level 3, 0/29 HPs)
             Began as a Demonspawn Fighter on Aug 25, 2019.
             Slain by Sigmund
             ... wielding a +0 scythe
              (6 damage)
             ... on level 2 of the Dungeon on Aug 27, 2019.
             The game lasted 00:03:27 (1276 turns).

DungeonDestroyer the Skirmisher (DsFi)              Turns: 1276, Time: 00:03:28

Health: 0/29       AC:  7    Str: 17    XL:     3   Next: 85%
Magic:  0/3        EV:  7    Int:  9    God:
Gold:   37         SH:  9    Dex: 12    Spells: 2/2 levels left

rFire    . . .     SeeInvis .   a - +0 war axe
rCold    . . .     Gourm    .   c - +0 shield
rNeg     . . .     Faith    .   b - +0 scale mail
rPois    .         Spirit   +   h - +1 hat
rElec    .         Reflect  .   (no cloak)
rCorr    .         Harm     .   (no gloves)
MR       .....                  (no boots)
Stlth    ..........             (no amulet)
HPRegen  0.09/turn              (no ring)
MPRegen  0.08/turn              (no ring)

@: no status effects
A: spiny 1, magic shield
a: no special abilities


You were on level 2 of the Dungeon.
You were not hungry.

You visited 1 branch of the dungeon, and saw 2 of its levels.

You collected 37 gold pieces.

Inventory:

Hand Weapons
 a - a +0 war axe (weapon)
Armour
 b - a +0 scale mail (worn)
 c - a +0 shield (worn)
 h - a +1 hat (worn)
Potions
 d - 2 potions of might
 i - 2 potions of agility
Comestibles
 f - 2 rations
 g - 3 chunks of flesh


   Skills:
 + Level 3.4 Fighting
 + Level 2.7 Axes
 + Level 3.0 Armour
 + Level 3.2 Shields


You had 2 spell levels left.
You didn't know any spells.
Your spell library was empty.

Dungeon Overview and Level Annotations

Branches:
Dungeon (2/15)

Altars:

Annotations:
D:2 Sigmund


Innate Abilities, Weirdness & Mutations

You are partially covered in sharp spines.
When hurt, damage is shared between your health and your magic reserves.


Message History

Sigmund mumbles some strange words.
Sigmund flickers and vanishes!
Deactivating autopickup; reactivate with Ctrl-A.
Unknown command.
You closely miss something. Something hits you but does no damage.
You're too confused to move!
Something hits you!
Unknown command.
Found a stone staircase leading down.
Things that are here:
a +0 dagger; a goblin corpse You closely miss something.
You hear some strange, mumbled words.
Something tries to affect you, but you resist.
You closely miss something. Something hits you.
You closely miss something.
You feel less confused. Something hits you!
* * * LOW HITPOINT WARNING * * *
You closely miss something. Something hits you!
You die...

..# #.# ##.#########
######+#...........
#####.........#########
#.....(.......'.....#..
#.............#####.#..
##.....####'#.## #..
..'...†{@....#.# #..
###.....####.#.# #..
#.....# #.#.# #..
#.....# #.#.# #.#
#.....# ###.# #..
#.....# #.# ### #.....#
#+# # #>.... # #


There were no monsters in sight!

Vanquished Creatures
  Robin (D:2)
  A worm (D:2)
  2 giant cockroaches (D:1)
  10 goblins (D:2)
  7 hobgoblins
  2 jackals (D:2)
  5 kobolds (D:1)
  9 bats
  3 frilled lizards (D:2)
  7 rats
47 creatures vanquished.

Vanquished Creatures (others)
  A bat (D:1)
1 creature vanquished.

Grand Total: 48 creatures vanquished

Notes
Turn   | Place    | Note
-------+----------+-------------------------------------------
     0 | D:1      | DungeonDestroyer the Demonspawn Fighter began the quest for
                  | the Orb.
     0 | D:1      | Reached XP level 1. HP: 18/18 MP: 1/1
   180 | D:1      | Gained mutation: When hurt, damage is shared between your
                  | health and your magic reserves. [demonic ancestry]
   180 | D:1      | Reached XP level 2. HP: 20/24 MP: 2/2
   917 | D:2      | Gained mutation: You are partially covered in sharp spines.
                  | [demonic ancestry]
   917 | D:2      | Reached XP level 3. HP: 29/29 MP: 3/3
   947 | D:2      | Identified the cursed +0 helmet of Heys {rElec Dex+5}
   947 | D:2      | Noticed Robin
   958 | D:2      | Killed Robin
  1264 | D:2      | Noticed Sigmund
  1276 | D:2      | Slain by Sigmund

Skill      XL: |  1  2 |
---------------+-------+-----
Shields        | 3 |  3.2
Axes           | 2 |  2.7
Armour         | 3 |  3.0
Fighting       | |  3.4

Action                   || total
-------------------------++-------
Melee: War axe           ||   118
  Use: Scroll            ||     2
       Potion            ||     3
  Eat: Chunk             ||     1
Armor: Scale mail        ||    61
Dodge: Dodged            ||    32
Block: Shield            ||    56
